MID
GREAT LAKES LOONS @ FORT WAYNE TINCAPS
08/26/2045
 
TOP OF THE 1ST
Great Lakes Loons batting - Pitching for Fort Wayne TinCaps : RHP Roger Watkins
Pitching: RHP Roger Watkins
Batting: RHB Jim Rogers 0-0: Ball
1-0: Fly out, F9 (Line Drive, 9, EV 93.1 MPH)
Batting: LHB Chris Barrera 0-0: Called Strike
0-1: Ball
1-1: Ground out U3 (Groundball, 34S, EV 91.2 MPH)
Batting: SHB Shane Marcum 0-0: Swinging Strike
0-1: SINGLE (Line Drive, 89S, EV 105.0 MPH)
Batting: LHB Steve Pond 0-0: Called Strike
0-1: Ball
1-1: Swinging Strike
1-2: Ball
Shane Marcum steals 2nd base
2-2: Ball
3-2: Ground out 5-3 (Groundball, 5, EV 85.6 MPH)
Top of the 1st over - 0 runs, 1 hit, 0 errors, 1 left on base; Great Lakes 0 - Fort Wayne 0
BOTTOM OF THE 1ST
Fort Wayne TinCaps batting - Pitching for Great Lakes Loons : RHP Bob Medellin
Pitching: RHP Bob Medellin
Batting: LHB Phil Lerner 0-0: Foul Ball, location: 2F
0-1: Foul Ball, location: 2F
0-2: Foul Ball, location: 2F
0-2: Strikes out swinging
Batting: SHB Adam Martin 0-0: Ball
1-0: Ground out 1-3 (Groundball, 13S, EV 68.8 MPH)
Batting: LHB James Sousa 0-0: Called Strike
0-1: Ball
1-1: Hit by Pitch
Batting: SHB Josh Parker 0-0: Called Strike
0-1: Fly out, F7 (Flyball, 78S, EV 94.4 MPH)
Bottom of the 1st over - 0 runs, 0 hits, 0 errors, 1 left on base; Great Lakes 0 - Fort Wayne 0
TOP OF THE 2ND
Great Lakes Loons batting - Pitching for Fort Wayne TinCaps : RHP Roger Watkins
Batting: LHB Mitchell Casey 0-0: Called Strike
0-1: Ball
1-1: Swinging Strike
1-2: Strikes out swinging, 2-3 out at first.
Batting: RHB Luis Grajeda 0-0: Ball
1-0: Foul Ball, location: 2F
1-1: Called Strike
1-2: Strikes out swinging
Batting: RHB Jerry Sanchez 0-0: Fly out, F6 (Popup, 6MD, EV 41.2 MPH)
Top of the 2nd over - 0 runs, 0 hits, 0 errors, 0 left on base; Great Lakes 0 - Fort Wayne 0
BOTTOM OF THE 2ND
Fort Wayne TinCaps batting - Pitching for Great Lakes Loons : RHP Bob Medellin
Batting: RHB Bryan Pitcher 0-0: Called Strike
0-1: Called Strike
0-2: Hit by Pitch
Batting: RHB Davey Verhoog 0-0: Swinging Strike
0-1: Ball
1-1: Fly out, F6 (Popup, 6S, EV 69.4 MPH)
Batting: RHB Jeremy Mercer 0-0: Ball
1-0: Ball
2-0: Grounds into double play, 5-4-3 (Groundball, 5S, EV 86.2 MPH)
Bottom of the 2nd over - 0 runs, 0 hits, 0 errors, 0 left on base; Great Lakes 0 - Fort Wayne 0
TOP OF THE 3RD
Great Lakes Loons batting - Pitching for Fort Wayne TinCaps : RHP Roger Watkins
Batting: RHB Chad Rojas 0-0: Ball
1-0: Called Strike
1-1: Ball
2-1: Swinging Strike
2-2: Foul Ball, location: 2F
2-2: Strikes out swinging
Batting: RHB Theo Schepers 0-0: Foul Ball, location: 2F
0-1: Called Strike
0-2: Ball
1-2: Strikes out swinging
Batting: RHB Jim Rogers 0-0: Ball
1-0: Ball
2-0: SINGLE (Groundball, 56D, EV 100.6 MPH)
Batting: LHB Chris Barrera 0-0: Foul Ball, location: 2F
0-1: Ball
1-1: Called Strike
1-2: SINGLE (Groundball, 4MD, EV 105.6 MPH)
Jim Rogers to second
Runner from 2nd tries for 3rd, SAFE, throw by CF made to third
Batting: SHB Shane Marcum 0-0: Called Strike
0-1: Foul Ball, location: 2F
0-2: Fly out, F5 (Line Drive, 5, EV 71.9 MPH)
Top of the 3rd over - 0 runs, 2 hits, 0 errors, 2 left on base; Great Lakes 0 - Fort Wayne 0
BOTTOM OF THE 3RD
Fort Wayne TinCaps batting - Pitching for Great Lakes Loons : RHP Bob Medellin
Batting: SHB Ryohei Nakano 0-0: Ball
1-0: Ball
2-0: Fly out, F8 (Flyball, 8LS, EV 96.9 MPH)
Batting: LHB Rogelio Nunez 0-0: Ball
1-0: DOUBLE (Line Drive, 3D, EV 93.8 MPH)
Batting: LHB Phil Lerner 0-0: Called Strike
0-1: Foul Ball, location: 2F
0-2: Fly out, F8 (Flyball, 89XD, EV 88.8 MPH)
Runner from 2nd tags up, SAFE at 3rd, no throw by CF
Batting: SHB Adam Martin 0-0: Called Strike
0-1: Ball
1-1: Foul Ball, location: 2F
1-2: Ground out 1-3 (Groundball, 13S, EV 65.6 MPH)
Bottom of the 3rd over - 0 runs, 1 hit, 0 errors, 1 left on base; Great Lakes 0 - Fort Wayne 0
TOP OF THE 4TH
Great Lakes Loons batting - Pitching for Fort Wayne TinCaps : RHP Roger Watkins
Batting: LHB Steve Pond 0-0: DOUBLE (Flyball, 78D, EV 103.1 MPH)
Batting: LHB Mitchell Casey 0-0: Called Strike
0-1: Called Strike
0-2: Ball
1-2: Ball
2-2: DOUBLE (Line Drive, 9LS, EV 109.4 MPH)
Steve Pond scores
Batting: RHB Luis Grajeda 0-0: Foul Ball, location: 2F
0-1: Ground out 5-3 (Groundball, 56, EV 96.2 MPH)
Batting: RHB Jerry Sanchez 0-0: Called Strike
0-1: SINGLE (Groundball, 56D, EV 103.8 MPH)
Mitchell Casey to third
Batting: RHB Chad Rojas 0-0: Called Strike
0-1: Foul Ball, location: 2F
0-2: Ball
1-2: Ball
2-2: Strikes out swinging
Batting: RHB Theo Schepers 0-0: Called Strike
0-1: Foul Ball, location: 2F
0-2: Ball
1-2: Foul Ball, location: 2F
1-2: Fly out, F7 (Flyball, 78M, EV 88.8 MPH)
Top of the 4th over - 1 run, 3 hits, 0 errors, 2 left on base; Great Lakes 1 - Fort Wayne 0
BOTTOM OF THE 4TH
Fort Wayne TinCaps batting - Pitching for Great Lakes Loons : RHP Bob Medellin
Batting: LHB James Sousa 0-0: Called Strike
0-1: Swinging Strike
0-2: Foul Ball, location: 2F
0-2: Strikes out swinging
Batting: SHB Josh Parker 0-0: Ball
1-0: DOUBLE (Line Drive, 89M, EV 96.9 MPH)
Batting: RHB Bryan Pitcher 0-0: SINGLE (Line Drive, 9LS, EV 98.8 MPH)
Josh Parker to third
Batting: RHB Davey Verhoog 0-0: Ball
Pickoff Throw to First - Out! 1-3
1-0: Swinging Strike
1-1: Ball
2-1: Called Strike
2-2: Ball
3-2: Foul Ball, location: 2F
3-2: Foul Ball, location: 2F
3-2: Base on Balls
Batting: RHB Jeremy Mercer 0-0: Called Strike
0-1: Fly out, F9 (Flyball, 9LS, EV 90.6 MPH)
Bottom of the 4th over - 0 runs, 2 hits, 0 errors, 2 left on base; Great Lakes 1 - Fort Wayne 0
TOP OF THE 5TH
Great Lakes Loons batting - Pitching for Fort Wayne TinCaps : RHP Roger Watkins
Batting: RHB Jim Rogers 0-0: Ball
1-0: Foul Ball, location: 2F
1-1: Ball
2-1: Ball
3-1: Fly out, F5 (Line Drive, 5, EV 68.8 MPH)
Batting: LHB Chris Barrera 0-0: Called Strike
0-1: Foul Ball, location: 2F
0-2: Strikes out looking
Batting: SHB Shane Marcum 0-0: Foul Ball, location: 2F
0-1: Called Strike
0-2: Ball
1-2: Ground out 6-3 (Groundball, 4M, EV 88.8 MPH)
Top of the 5th over - 0 runs, 0 hits, 0 errors, 0 left on base; Great Lakes 1 - Fort Wayne 0
BOTTOM OF THE 5TH
Fort Wayne TinCaps batting - Pitching for Great Lakes Loons : RHP Bob Medellin
Batting: SHB Ryohei Nakano 0-0: Ground out 4-3 (Groundball, 4, EV 86.2 MPH)
Batting: LHB Rogelio Nunez 0-0: SINGLE (Groundball, 4MD, EV 102.5 MPH)
Batting: LHB Phil Lerner 0-0: Ball
1-0: Fly out, F7 (Flyball, 7LM, EV 110.6 MPH)
Batting: SHB Adam Martin 0-0: Ball
1-0: Ball
Rogelio Nunez is caught stealing 2nd base 2-6
Bottom of the 5th over - 0 runs, 1 hit, 0 errors, 0 left on base; Great Lakes 1 - Fort Wayne 0
TOP OF THE 6TH
Great Lakes Loons batting - Pitching for Fort Wayne TinCaps : RHP Roger Watkins
Batting: LHB Steve Pond 0-0: Fly out, F8 (Flyball, 89S, EV 89.4 MPH)
Batting: LHB Mitchell Casey 0-0: Ball
1-0: Ball
2-0: Ball
3-0: Base on Balls
Pitching: RHP Tristan Vollmer
Batting: RHB Luis Grajeda 0-0: Ball
1-0: Called Strike
1-1: Ball
2-1: Called Strike
2-2: Foul Ball, location: 2F
2-2: Fielders Choice at 2nd, 6-4 (Groundball, 6, EV 86.9 MPH)
Batting: RHB Jerry Sanchez 0-0: Ball
1-0: Called Strike
1-1: Ball
2-1: Ball
3-1: Foul Ball, location: 2F
3-2: Fly out, F9 (Line Drive, 9, EV 86.9 MPH)
Top of the 6th over - 0 runs, 0 hits, 0 errors, 1 left on base; Great Lakes 1 - Fort Wayne 0
BOTTOM OF THE 6TH
Fort Wayne TinCaps batting - Pitching for Great Lakes Loons : RHP Bob Medellin
Batting: SHB Adam Martin 0-0: Hit by Pitch
Batting: LHB James Sousa 0-0: Foul Ball, location: 2F
0-1: Called Strike
0-2: Foul Ball, location: 2F
0-2: Ball
Adam Martin is caught stealing 2nd base 2-6
1-2: Strikes out swinging
Batting: SHB Josh Parker 0-0: Ball
1-0: Foul Ball, location: 2F
1-1: Ball
2-1: Fly out, F7 (Flyball, 7S, EV 90.6 MPH)
Bottom of the 6th over - 0 runs, 0 hits, 0 errors, 0 left on base; Great Lakes 1 - Fort Wayne 0
TOP OF THE 7TH
Great Lakes Loons batting - Pitching for Fort Wayne TinCaps : RHP Tristan Vollmer
Batting: RHB Chad Rojas 0-0: Ball
1-0: Ball
2-0: Called Strike
2-1: Foul Ball, location: 2F
2-2: Foul Ball, location: 2F
2-2: Strikes out swinging
Batting: RHB Theo Schepers 0-0: Ground out 6-3 (Groundball, 6, EV 89.4 MPH)
Batting: RHB Jim Rogers 0-0: Called Strike
0-1: Ball
1-1: Foul Ball, location: 2F
1-2: Strikes out swinging
Top of the 7th over - 0 runs, 0 hits, 0 errors, 0 left on base; Great Lakes 1 - Fort Wayne 0
BOTTOM OF THE 7TH
Fort Wayne TinCaps batting - Pitching for Great Lakes Loons : RHP Bob Medellin
Batting: RHB Bryan Pitcher 0-0: Called Strike
0-1: Ball
1-1: SINGLE (Groundball, 6MD, EV 96.9 MPH)
Batting: RHB Davey Verhoog 0-0: Bunted foul
0-1: Sac Bunt to 23 - play at first, batter OUT! 3-4
Bryan Pitcher to second
Pinch Hitting: LHB Corey Lewis 0-0: Ball
1-0: Ball
2-0: Called Strike
2-1: Ball
3-1: Foul Ball, location: 2F
3-2: Foul Ball, location: 2F
3-2: Base on Balls
Batting: SHB Ryohei Nakano 0-0: SINGLE (Line Drive, 6MD, EV 101.2 MPH)
Bryan Pitcher to third
Corey Lewis to second
Batting: LHB Rogelio Nunez 0-0: Foul Ball, location: 2F
0-1: Called Strike
0-2: Ball
1-2: Strikes out swinging
Batting: LHB Phil Lerner 0-0: Called Strike
0-1: Ground out U3 (Groundball, 3L, EV 87.5 MPH)
Bottom of the 7th over - 0 runs, 2 hits, 0 errors, 3 left on base; Great Lakes 1 - Fort Wayne 0
TOP OF THE 8TH
Great Lakes Loons batting - Pitching for Fort Wayne TinCaps : RHP Tristan Vollmer
Pitching: LHP Jose Diaz
Now at 2B: Adam Martin
Now in LF: Corey Lewis
Now in RF: Phil Lerner
Pinch Hitting: RHB Matt Fields 0-0: Ball
1-0: Ball
2-0: Foul Ball, location: 2F
2-1: Foul Ball, location: 2F
2-2: Ball
3-2: Strikes out looking
Batting: SHB Shane Marcum 0-0: Ball
1-0: Ball
2-0: Ground out 1-3 (Groundball, 34S, EV 73.1 MPH)
Batting: LHB Steve Pond 0-0: Called Strike
0-1: Ball
1-1: Ball
2-1: Ball
3-1: Called Strike
3-2: Strikes out swinging
Top of the 8th over - 0 runs, 0 hits, 0 errors, 0 left on base; Great Lakes 1 - Fort Wayne 0
BOTTOM OF THE 8TH
Fort Wayne TinCaps batting - Pitching for Great Lakes Loons : RHP Bob Medellin
Now in LF: Ken Welch
Batting: SHB Adam Martin 0-0: SINGLE (Groundball, 34D, EV 94.4 MPH)
Batting: LHB James Sousa 0-0: Foul Ball, location: 2F
0-1: Grounds into double play, 4-6-3 (Groundball, 4, EV 88.1 MPH)
Batting: SHB Josh Parker 0-0: Swinging Strike
0-1: Foul Ball, location: 2F
0-2: Ground out 4-3 (Groundball, 34, EV 101.2 MPH)
Bottom of the 8th over - 0 runs, 1 hit, 0 errors, 0 left on base; Great Lakes 1 - Fort Wayne 0
TOP OF THE 9TH
Great Lakes Loons batting - Pitching for Fort Wayne TinCaps : LHP Jose Diaz
Pinch Hitting: RHB Jeremy Beltron 0-0: Foul Ball, location: 2F
0-1: SINGLE (Flyball, 89S, EV 92.5 MPH)
Pitching: RHP Juan Magdaleno
Batting: RHB Luis Grajeda 0-0: Ball
1-0: Fly out, F7 (Flyball, 78M, EV 80.0 MPH)
Batting: RHB Jerry Sanchez 0-0: Called Strike
0-1: Foul Ball, location: 2F
0-2: Ball
1-2: Foul Ball, location: 2F
1-2: Foul Ball, location: 2F
1-2: Ball
2-2: Foul Ball, location: 2F
2-2: Strikes out looking
Batting: RHB Chad Rojas 0-0: Swinging Strike
0-1: Swinging Strike
0-2: Ball
1-2: Ground out 4-3 (Groundball, 34, EV 84.4 MPH)
Top of the 9th over - 0 runs, 1 hit, 0 errors, 1 left on base; Great Lakes 1 - Fort Wayne 0
BOTTOM OF THE 9TH
Fort Wayne TinCaps batting - Pitching for Great Lakes Loons : RHP Bob Medellin
Pitching: RHP Balinda Msrah
Now at 1B: Tore Bosch
Batting: RHB Bryan Pitcher 0-0: Fly out, F8 (Flyball, 8LD, EV 95.0 MPH)
Pinch Hitting: SHB Tim Edelman 0-0: Swinging Strike
0-1: Fly out, F3 (Popup, 34, EV 67.5 MPH)
DELAY Rain delay of 26 minutes in the 9th inning.
Batting: LHB Corey Lewis 0-0: Ground out 6-3 (Groundball, 4, EV 101.9 MPH)
Bottom of the 9th over - 0 runs, 0 hits, 0 errors, 0 left on base; Great Lakes 1 - Fort Wayne 0
Wednesday, June 22nd , 2022 - OOTP Baseball 23.4 Build 64